 Dungeon Sprint DCSS version 0.29-a0-824-gd827844252 (webtiles) character file.

Game seed: 8418467146241221917

435 Ayihk420 the Severer (level 6, -6/51 HPs)
             Began as a Minotaur Berserker on July 9, 2022.
             Was a Believer of Trog.
             Mangled by a slime creature (15 damage)
             ... in the Dungeon (Sprint I: "Red Sonja").
             The game lasted 00:01:38 (651 turns).

Ayihk420 the Severer (Minotaur Berserker)            Turns: 651, Time: 00:01:39

Health: -6/51      AC:  6    Str: 22    XL:     6   Next: 68%
Magic:  1/1        EV: 12    Int:  4    God:    Trog [**....]
Gold:   308        SH:  0    Dex: 11    Spells: 5/5 levels left

rFire   . . .      SeeInvis .   l - +1 scythe (antimagic)
rCold   . . .      Faith    .   (shield currently unavailable)
rNeg    + . .      Spirit   .   k - +3 leather armour {rN+}
rPois   .          Reflect  .   (helmet restricted)
rElec   .          Harm     .   (no cloak)
rCorr   .          Rampage  .   (no gloves)
Will    .....      NoTele   +   (no boots)
Stlth   +.........              (no amulet)
HPRegen 0.17/turn               (no ring)
MPRegen 0.07/turn               (no ring)

@: no status effects
A: horns 2, retaliatory headbutt
a: Renounce Religion, Berserk, Trog's Hand


You were in the Dungeon.
You worshipped Trog.
Trog was pleased with you.
You visited 1 branch You collected 308 gold pieces.

Inventory:

Hand Weapons
 a - a +0 hand axe
 l - a +1 antimagic scythe (weapon)
Armour
 b - a +0 animal skin
 k - a +3 leather armour of positive energy (worn)
Wands
 i - a wand of roots (8)
Scrolls
 h - a scroll of blinking
Potions
 c - a potion of curing
 d - a potion of heal wounds
 e - a potion of haste
 f - 2 potions of magic
 g - a potion of berserk rage
 j - a potion of ambrosia {unknown}


   Skills:
 - Level 3.6 Fighting
 * Level 16.9(17.0) Axes
 + Level 1.6(11.2) Polearms
 - Level 2.4 Armour
 - Level 2.1 Dodging


You had 5 spell levels left.
You didn't know any spells.
Your spell library was empty.

Dungeon Overview and Level Annotations

Branches:
Dungeon (1/1)

Altars:
Cheibriados
Dithmenos
Elyvilon
Fedhas
Gozag
Hepliaklqana
Kikubaaqudgha
Makhleb
Nemelex Xobeh
Okawaru
Qazlal
Ru
Sif Muna
Trog
Uskayaw
Vehumet
Wu Jian
Xom
Yredelemnul
Zin
The Shining One
Jiyva
Lugonu

Shops:
D (


Innate Abilities, Weirdness & Mutations

You have a pair of horns on your head.
You reflexively headbutt those who attack you in melee.


Message History

There is an open door here.
You see here a yak corpse.
There is an entrance to Isupan's Weapon Emporium here.
There is an ancient bone altar of Kikubaaqudgha here.
There is an entrance to Isupan's Weapon Emporium here.
There is an open door here.
You see here a yak corpse.
There is a shimmering blue altar of Sif Muna here.
You see here a +0 whip.
There is an open door here.
You open the door.
A slime creature comes into view.
The slime creature quivers.
Found four altars.
The slime creature hits you!
There is an open door, spattered with blood here.
You slash the slime creature!
The slime creature is lightly wounded.
The slime creature barely misses you. You furiously retaliate!
You headbutt the slime creature. You impale the slime creature!!
You headbutt the slime creature.
The slime creature is severely wounded.
You hit the slime creature.
The slime creature is severely wounded.
The slime creature barely misses you. You furiously retaliate!
You headbutt the slime creature. You barely miss the slime creature.
The slime creature is severely wounded.
The slime creature hits you!!
You barely miss the slime creature. You headbutt the slime creature.
The slime creature is severely wounded.
The slime creature hits you!
* * * LOW HITPOINT WARNING * * *
You barely miss the slime creature.
The slime creature is severely wounded.
The slime creature barely misses you.
You slash the slime creature!
The slime creature is almost dead.
The slime creature hits you!
You die...

###################
#<.#..').#..'..#__#
#..').#..'[.#..@J.+
#..#####'#####'#__#
#..####..#...#)####
#..#__####..##.#
#..#_____##'#_.+
#⌠⌠#_.∩...†..._#
####_..__##_.#+#
#_____###+# #######


You could see a slime creature.

Vanquished Creatures
  Sigmund (D)
  A yak (D)
  An ogre (D)
  A jelly (D)
  Ijyb (D)
5 creatures vanquished.

Notes
Turn   | Place    | Note
-------+----------+-------------------------------------------
     0 | D        | Ayihk420 the Minotaur Berserker began the quest for the
                  | Orb.
     0 | D        | Reached XP level 1. HP: 19/19 MP: 0/0
     1 | D        | Noticed Ijyb
    10 | D        | Killed Ijyb
    11 | D        | Reached skill level 7 in Axes
    11 | D        | Reached XP level 2. HP: 17/26 MP: 1/1
   192 | D        | Noticed an ogre
   195 | D        | Killed an ogre
   196 | D        | Reached skill level 11 in Axes
   196 | D        | Reached XP level 3. HP: 31/31 MP: 2/2
   196 | D        | Reached XP level 4. HP: 39/39 MP: 3/3
   239 | D        | Noticed Sigmund
   256 | D        | Killed Sigmund
   256 | D        | Reached ** piety under Trog
   257 | D        | Reached skill level 14 in Axes
   257 | D        | Reached XP level 5. HP: 36/45 MP: 0/4
   257 | D        | Reached XP level 6. HP: 41/51 MP: 0/5
   496 | D        | Found an ornate altar of the Wu Jian Council.
   496 | D        | Found a shimmering blue altar of Sif Muna.
   498 | D        | Found a radiant altar of Vehumet.
   504 | D        | Reached skill level 15 in Axes
   548 | D        | Found Isupan's Weapon Emporium.
   548 | D        | Found an ancient bone altar of Kikubaaqudgha.
   548 | D        | Found a hazy altar of Hepliaklqana.
   548 | D        | Found a stormy altar of Qazlal.
   548 | D        | Found a hide-covered altar of Uskayaw.
   548 | D        | Found a blossoming altar of Fedhas.
   548 | D        | Found a bloodstained altar of Trog.
   548 | D        | Found an iron altar of Okawaru.
   548 | D        | Found a basalt altar of Yredelemnul.
   548 | D        | Found a glowing golden altar of the Shining One.
   548 | D        | Found a snail-covered altar of Cheibriados.
   548 | D        | Found a sacrificial altar of Ru.
   548 | D        | Found a glowing silver altar of Zin.
   548 | D        | Found a shadowy altar of Dithmenos.
   548 | D        | Found a white marble altar of Elyvilon.
   548 | D        | Noticed a yak
   553 | D        | Killed a yak
   554 | D        | Reached skill level 16 in Axes
   554 | D        | Reached skill level 1 in Polearms
   587 | D        | Found an opulent altar of Gozag.
   604 | D        | Found a sparkling altar of Nemelex Xobeh.
   643 | D        | Found a burning altar of Makhleb.
   643 | D        | Found a viscous altar of Jiyva.
   643 | D        | Found a shimmering altar of Xom.
   643 | D        | Found a corrupted altar of Lugonu.
   643 | D        | Noticed a slime creature
   651 | D        | Mangled by a slime creature

Illustrated notes

Levels and vault maps discovered:
D:        dungeon_sprint_1 [red_sonja_temple_1, red_sonja_temple_small_1]

Skill      XL: |  1  2  3  4  5  6 |
---------------+-------------------+-----
Axes           | 7 11 14 16 | 16.9
Polearms       | 1 |  1.6
Fighting       | |  3.6
Armour         | |  2.4
Dodging        | |  2.1

Action                   |  1- 3 |  4- 6 || total
-------------------------+-------+-------++-------
Melee: Hand axe          |     9 |    15 ||    24
       Headbutt          |     2 |     3 ||     5
       Halberd           |       |    15 ||    15
Invok: Berserk           |     2 |     2 ||     4
Armor: Leather armour    |       |     2 ||     2
Dodge: Dodged            |     3 |     6 ||     9

Table legend: (Time is in decaauts)
 A = Elapsed time spent in this place.
 B = Non-inter-level travel time spent in this place.
 C = Inter-level travel time spent in this place.
 D = Time resting spent in this place.
 E = Time spent auto-exploring this place.
 F = Levels seen in this place.
 G = Mean time per level.
                   A        B        C        D        E       F      G
               +--------+--------+--------+--------+--------+-----+--------+
         Total |    687 |    687 |      0 |    534 |      0 |   1 |  687.0 |
       Dungeon |    687 |    687 |      0 |    534 |      0 |   1 |  687.0 |
               +--------+--------+--------+--------+--------+-----+--------+

Top non-repeatable levels by time:
       D: 687 daAuts
